 Dungeon Crawl Stone Soup version 0.20-a0-738-gb057e68 (webtiles) character file.

2970 Amciq the Basher (level 9, -5/83 HPs)
             Began as a Minotaur Berserker on Feb 23, 2017.
             Was an Elder of Trog.
             Killed from afar by an electric eel (14 damage)
             ... with a bolt of electricity
             ... on level 7 of the Dungeon.
             The game lasted 00:20:42 (5057 turns).

Amciq the Basher (Minotaur Berserker)               Turns: 5057, Time: 00:20:43

Health: -5/83      AC: 15    Str: 24    XL:     9   Next: 52%
Magic:  8/8        EV: 15    Int:  4    God:    Trog [****..]
Gold:   82         SH:  7    Dex: 13    Spells: 8/8 levels left

rFire    . . .     SeeInvis +   a - +0 mace
rCold    + . .     Gourm    .   G - +0 scale mail
rNeg     + . .     Faith    .   j - +2 buckler
rPois    .         Spirit   .   (helmet restricted)
rElec    .         Reflect  .   s - scarf {rC+}
rCorr    .         Harm     +   (no gloves)
MR       .....     Rnd*Rage +   l - +1 pair of boots
Stlth    +.........             F - amulet of harm
Regen    0.3/turn               J - +2 ring of evasion
MPRegen  0.2/turn               M - ring "Tifann" {rN+ Dex+2 SInv Stlth+}

@: lethally poisoned (-5 -> -6), exhausted, slowed, very slow
A: retaliatory headbutt, horns 2, rugged brown scales 1, slimy green scales 1,
thin metallic scales 1, berserk 1
a: Berserk, Trog's Hand, Brothers in Arms, Burn Spellbooks, Renounce Religion


You were on level 7 of the Dungeon.
You worshipped Trog.
Trog was greatly pleased with you.
You were hungry.

You visited 1 branch of the dungeon, and saw 7 of its levels.

You collected 414 gold pieces.
You spent 332 gold pieces at shops.

Inventory:

Hand Weapons
 a - a +0 mace (weapon)
Missiles
 v - 3 throwing nets (quivered)
Armour
 j - a +2 buckler (worn)
 l - a +1 pair of boots (worn)
 s - a scarf of cold resistance (worn)
 G - a +0 scale mail (worn)
Jewellery
 q - an uncursed ring of positive energy
 B - an uncursed ring of protection from fire
 F - an amulet of harm (around neck)
 J - a +2 ring of evasion (right hand)
 M - the ring "Tifann" (left hand) {rN+ Dex+2 SInv Stlth+}
   (You bought it in a shop on level 6 of the Dungeon)

   [ring of see invisible]

   It affects your dexterity (+2).
   It protects you from negative energy.
   It lets you see invisible.
   It makes you more stealthy.
Scrolls
 b - a scroll of remove curse {unknown}
 e - 2 scrolls of amnesia {unknown}
 f - 6 scrolls of identify
 g - a scroll of enchant armour
 h - 2 scrolls of noise {unknown}
 i - a scroll of magic mapping {unknown}
 k - a scroll of immolation {unknown}
 m - a scroll of teleportation {unknown}
 n - a scroll of blinking {unknown}
 p - a scroll of recharging {unknown}
 y - a scroll of random uselessness {unknown}
 z - a scroll of fog {unknown}
Potions
 d - 2 potions of flight
 r - a potion of haste
 x - 2 potions of curing
 C - a potion of cancellation {unknown}
 D - a potion of invisibility {unknown}
 E - a potion of agility {unknown}
 H - a potion of magic {unknown}
 L - a potion of brilliance {unknown}
Books
 t - a book of Misfortune

   Spells                             Type                      Level
   a - Confusing Touch                Hexes                        1
   b - Confuse                        Hexes                        3
   c - Gell's Gravitas                Translocation                3
   d - Petrify                        Transmutation/Earth          4
   e - Metabolic Englaciation         Hexes/Ice                    5
   f - Yara's Violent Unravelling     Hexes/Transmutation          5
   Trog disapproves of the use of such an item.
Comestibles
 c - 5 bread rations
 o - 2 meat rations
 u - a royal jelly
 w - 2 chunks of flesh


   Skills:
 * Level 7.9 Fighting
 * Level 8.0 Maces & Flails
 * Level 7.6 Armour
 + Level 5.2 Dodging
 * Level 7.0 Shields
 + Level 4.0 Unarmed Combat


You had 8 spell levels left.
You didn't know any spells.

Dungeon Overview and Level Annotations

Branches:
Dungeon (7/15)             Temple (0/1) D:6

Altars:
Dithmenos
Gozag
Makhleb
Wu Jian
Xom
The Shining One

Shops:
D:6 =   D:7 }


Innate Abilities, Weirdness & Mutations

You reflexively headbutt those who attack you in melee.
You have a pair of horns on your head.
You are partially covered in rugged brown scales. (AC +1, +3% HP)
You are partially covered in slimy green scales. (AC +2)
You are partially covered in thin metallic scales. (AC +2)
You tend to lose your temper in combat.


Message History

You feel sick.
The electric eel shoots out a bolt of lightning at you!
The bolt of electricity hits the plant.
The bolt of electricity hits you!
The electric eel shoots out a bolt of lightning at you!
The bolt of electricity hits the plant.
The bolt of electricity hits you!
* * * LOW HITPOINT WARNING * * *
You feel sick.
The electric eel shoots out a bolt of lightning at you!
The bolt of electricity hits the plant.
The bolt of electricity hits you!
* * * LOW HITPOINT WARNING * * *
The electric eel shoots out a bolt of lightning at you!
The bolt of electricity hits the plant.
The bolt of electricity misses you.
You feel sick.
The electric eel shoots out a bolt of lightning at you!
The bolt of electricity hits the plant.
The bolt of electricity misses you.
The electric eel shoots out a bolt of lightning at you!
The bolt of electricity hits the plant.
The plant is destroyed!
The bolt of electricity hits you!
You die...

# #### # ##.P... #
#...≈[P.. ## #.≈≈≈≈.≈#
.###. #P≈.≈.≈≈P .....
###.≈≈≈≈≈≈. #####
######## #...≈≈≈≈≈≈.
#......######...≈≈≈≈≈≈P
#.##.....@......;.≈≈≈..
####.##...#######..≈≈≈.♣≈
#..........### ##..≈≈≈≈≈♣
#.#..#<.#..# ##.P≈≈≈.#
#.#..#..#..# (...P..
#.#........#########
#.....#
##.#..#.......#.....#
#....#
............#.#.....#
.####
....................# .#


You could see an electric eel.

Vanquished Creatures
  The ghost of RexxRaptorr the Cleaver, a novice FoFi (D:5)
  Prince Ribbit (D:6)
  A hippogriff (D:7)
  Sigmund (D:3)
  Duvessa (D:7)
  A black bear (D:7)
  3 ice beasts
  6 ogres
  A phantom (D:6)
  A big kobold (D:5)
  Dowan (D:7)
  A howler monkey (D:6)
  A bullfrog zombie (D:6)
  A jelly (D:5)
  Crazy Yiuf (D:3)
  3 hounds (D:5)
  An orc wizard (D:6)
  2 bullfrog skeletons
  A centaur skeleton (D:6)
  2 iguanas
  Ijyb (D:3)
  2 worker ants
  A hound zombie (D:5)
  2 hound skeletons
  9 adders
  3 gnolls (D:4)
  An ooze (D:4)
  An adder skeleton (D:5)
  2 worms (D:2)
  3 dart slugs
  7 leopard geckos
  20 orcs
  6 giant cockroaches
  6 goblins
  6 hobgoblins
  7 jackals
  6 quokkas
  7 bats
  4 frilled lizards
  9 kobolds
  A quokka zombie (D:5)
  6 rats
141 creatures vanquished.

Vanquished Creatures (others)
  3 plants
3 creatures vanquished.

Grand Total: 144 creatures vanquished

Notes
Turn   | Place    | Note
-------+----------+-------------------------------------------
     0 | D:1      | Amciq the Minotaur Berserker began the quest for the Orb.
     0 | D:1      | Reached XP level 1. HP: 19/19 MP: 0/0
   281 | D:1      | Reached XP level 2. HP: 26/27 MP: 1/1
   499 | D:1      | Reached skill level 4 in Maces & Flails
   759 | D:2      | Reached skill level 1 in Shields
   895 | D:2      | Reached XP level 3. HP: 33/33 MP: 2/2
  1162 | D:2      | Reached ** piety under Trog
  1299 | D:2      | Reached XP level 4. HP: 25/40 MP: 3/3
  1517 | D:2      | Found an opulent altar of Gozag.
  1736 | D:3      | Found a shadowy altar of Dithmenos.
  1889 | D:3      | Found a burning altar of Makhleb.
  1995 | D:3      | Noticed Sigmund
  2002 | D:3      | Killed Sigmund
  2002 | D:3      | Reached skill level 1 in Unarmed Combat
  2002 | D:3      | Reached XP level 5. HP: 47/47 MP: 4/4
  2139 | D:3      | Reached XP level 6. HP: 43/53 MP: 5/5
  2151 | D:3      | Noticed Ijyb
  2159 | D:3      | Killed Ijyb
  2184 | D:3      | Found a glowing golden altar of the Shining One.
  2203 | D:3      | Found a runed door.
  2315 | D:3      | Noticed Crazy Yiuf
  2320 | D:3      | Killed Crazy Yiuf
  2320 | D:3      | Reached skill level 5 in Maces & Flails
  2636 | D:4      | Gained mutation: You have sharp toenails. [potion of mutation]
  2636 | D:4      | Gained mutation: You can translocate small distances at will. [potion of mutation]
  2637 | D:4      | Lost mutation: You have sharp toenails. [potion of mutation]
  2637 | D:4      | Lost mutation: You can translocate small distances at will. [potion of mutation]
  2637 | D:4      | Gained mutation: You tend to lose your temper in combat. [potion of mutation]
  2637 | D:4      | Gained mutation: You are partially covered in thin metallic scales. (AC +2) [potion of mutation]
  2637 | D:4      | Gained mutation: You are partially covered in slimy green scales. (AC +2) [potion of mutation]
  2637 | D:4      | Gained mutation: You are partially covered in rugged brown scales. (AC +1, +3% HP) [potion of mutation]
  2721 | D:4      | Reached skill level 5 in Fighting
  2748 | D:4      | Reached XP level 7. HP: 62/62 MP: 6/6
  2975 | D:4      | Reached *** piety under Trog
  2981 | D:4      | Reached skill level 5 in Armour
  3324 | D:5      | Entered Level 5 of the Dungeon
  3524 | D:5      | Reached skill level 6 in Maces & Flails
  3862 | D:5      | Reached XP level 8. HP: 72/72 MP: 7/7
  3958 | D:5      | Noticed RexxRaptorr's ghost (novice FoFi)
  3972 | D:5      | Killed RexxRaptorr's ghost
  3972 | D:5      | Reached skill level 5 in Shields
  4275 | D:5      | Found an ornate altar of the Wu Jian Council.
  4422 | D:6      | Found a shimmering altar of Xom.
  4427 | D:6      | Reached skill level 7 in Maces & Flails
  4489 | D:6      | Found a staircase to the Ecumenical Temple.
  4502 | D:6      | Reached XP level 9. HP: 81/81 MP: 8/8
  4684 | D:6      | Reached **** piety under Trog
  4688 | D:6      | Noticed Prince Ribbit
  4700 | D:6      | Killed Prince Ribbit
  4710 | D:6      | Found Healet Eche's Jewellery Shoppe.
  4718 | D:6      | Bought the ring "Tifann" {rN+ Dex+2 SInv Stlth+} for 332 gold pieces
  4899 | D:7      | Found Uvan's Quality Used Wands.
  4900 | D:7      | Noticed Duvessa
  4900 | D:7      | Noticed Dowan
  4905 | D:7      | Killed Dowan
  4910 | D:7      | Killed Duvessa
  4916 | D:7      | Reached skill level 5 in Dodging
  5048 | D:7      | Reached skill level 8 in Maces & Flails
  5057 | D:7      | Killed from afar by an electric eel

Vault maps used:
D:1:      dpeg_arrival_signposts, minmay_stone_trees_small,
          hangedman_decor_growths
D:2:      nicolae_gozag_seed_capital
D:3:      overflow_temple_1_default, demons_altar,
          nicolae_dithmenos_through_a_glass_darkly, serial_corexii_hall,
          corexii_hall_statues_l, corexii_hall_statues_i,
          corexii_hall_statues_i, corexii_hall_statues_t,
          uniq_crazy_yiuf_cottage, uniq_sigmund, uniq_iyjb
D:4:      first_bread
D:5:      nicolae_overflow_hidden_temple, lexackson_kobold_supper
D:6:      xom_confusion_cloud, minmay_temple_entry_mist, serial_shops,
          nicolae_shop_crystal, minmay_misc_feat_nine_boxes, uniq_prince_ribbit1
D:7:      serial_shops, shop, serial_bayou_pond_b, nicolae_for_you_no_charge,
          uniq_duvessa

Skill      XL: |  1  2  3  4  5  6  7  8  9 |
---------------+----------------------------+-----
Maces & Flails | 4 5 6 7 8 |  8.0
Shields        | 1 2 3 4 6 7 |  7.0
Fighting       | 4 5 7 |  7.9
Armour         | 3 4 5 6 7 |  7.6
Dodging        | 3 4 5 |  5.2
Unarmed Combat | 1 2 3 4 |  4.0

Action                   |  1- 3 |  4- 6 |  7- 9 || total
-------------------------+-------+-------+-------++-------
Melee: Mace              |    85 |    70 |   199 ||   354
       Headbutt          |    12 |    16 |    43 ||    71
Invok: Berserk           |     1 |     3 |     7 ||    11
       Trog's Hand       |       |     1 |     1 ||     2
Evoke: Wand              |       |       |     5 ||     5
  Use: Scroll            |       |     5 |       ||     5
       Potion            |       |     2 |       ||     2
 Stab: Sleeping          |     1 |       |       ||     1
  Eat: Chunk             |     2 |     8 |    14 ||    24
Armor: Animal skin       |    24 |    19 |       ||    43
       Ring mail         |       |       |    25 ||    25
       Scale mail        |       |       |    38 ||    38
Dodge: Dodged            |    56 |    39 |    96 ||   191
Block: Buckler           |    20 |    25 |    50 ||    95
